 Dungeon Crawl Stone Soup version 0.27.1-34-g3ba077fa99 (webtiles) character file.

Game seed: 6661019596722391521

201 DildoBatman the Conjurer (level 6, -2/61 HPs)
             Began as a Formicid Conjurer on Jan 17, 2022.
             Succumbed to a scorpion's poison
             ... on level 4 of the Dungeon.
             The game lasted 00:08:09 (2941 turns).

DildoBatman the Conjurer (Formicid Conjurer)        Turns: 2941, Time: 00:08:10

Health: -2/61      AC: 23    Str: 10 (11) XL:     6   Next: 7%
Magic:  4/10       EV:  2    Int: 17 (18) God:
Gold:   161        SH:  0    Dex:  9 (11) Spells: 8/11 levels left

rFire    + . .     SeeInvis .   a - +1 short sword (venom)
rCold    + . .     Faith    .   (no shield)
rNeg     + + +     Spirit   .   (armour currently unavailable)
rPois    +         Reflect  .   (helmet unavailable)
rElec    .         Harm     .   (cloak currently unavailable)
rCorr    .         Rampage  .   (gloves currently unavailable)
Will     .....                  (boots currently unavailable)
Stlth    ++........             (no amulet)
HPRegen  0.20/turn              f - ring of protection from fire
MPRegen  0.12/turn              j - ring of protection from cold

@: lethally poisoned (-2 -> -23), tree-form
A: stationary, stasis, torment immunity, boosted hp, permanent stasis, dig
shafts and tunnels, (antennae 3), four strong arms
a: no special abilities


You were on level 4 of the Dungeon.
You were a tree.
You visited 1 branch of the dungeon, and saw 4 of its levels.

You collected 161 gold pieces.

Inventory:

Hand Weapons
 a - a +1 short sword of venom (weapon)
 b - a +0 hunting sling
 o - a +0 dagger of draining
Missiles
 c - 132 stones
 n - 24 poisoned darts
 r - 47 bolts
 u - 23 arrows
Armour
 e - a +0 cloak (melded)
 i - a +0 robe (melded)
Jewellery
 f - a ring of protection from fire (left branch)
 h - a ring of resist corrosion
 j - a ring of protection from cold (right branch)
Scrolls
 g - a scroll of identify {unknown}
 k - a scroll of noise {unknown}
 m - a scroll of amnesia {unknown}
 s - a scroll of blinking {unknown}
 t - a scroll of summoning {unknown}
Potions
 d - a potion of cancellation {unknown}
 p - a potion of degeneration


   Skills:
 - Level 1.7 Dodging
 - Level 2.4 Stealth
 * Level 3.0 Spellcasting
 * Level 5.9 Conjurations


You had 8 spell levels left.
You knew the following spells:

 Your Spells              Type           Power      Damage    Failure   Level
a - Searing Ray           Conj           44%        3d4       2%          2
c - Magic Dart            Conj           88%        1d7       1%          1

Your spell library contained the following spells:

 Spells                   Type           Power      Damage    Failure   Level
 Dazzling Flash           Conj/Hex       24%        N/A       16%         3
 Animate Skeleton         Necr           4%         N/A       17%         1
 Apportation              Tloc           4%         N/A       17%         1
 Corona                   Hex            2%         N/A       17%         1
 Summon Small Mammal      Summ           8%         N/A       17%         1
 Fulminant Prism          Conj/Hex       6%         3d7       45%         4
 Iskenderun's Mystic Bla  Conj/Tloc      12%        2d5       45%         4


Dungeon Overview and Level Annotations

Branches:
Dungeon (4/15)
 Temple: D:4-7

Altars:

Shops:
D:1 =**:

Annotations:
D:3 3 runed translucent doors, kalagan's ghost, weakling DECj
D:4 exclusions: 2 killer bees and 3 sensed monsters (detected)


Innate Abilities, Weirdness & Mutations

You are a tree.
Your roots penetrate the ground, keeping you stationary.
You cannot be teleported.
You are immune to unholy pain and torment.
Your maximum health is greatly increased.
Your equipment is partially melded.
You cannot be hasted, slowed, berserked, paralysed or teleported.
You can dig through walls and to a lower floor.
((You have a pair of large antennae on your head. (SInv)))
Your four strong arms can wield two-handed weapons with a shield.


Message History

The scorpion misses you.
You barely miss the scorpion.
The scorpion is severely wounded.
The scorpion stings you!
You are poisoned.
The scorpion poisons you!
You closely miss the scorpion.
The scorpion is severely wounded.
You feel very sick. The scorpion closely misses you.
You closely miss the scorpion.
The scorpion is severely wounded.
You feel sick. The scorpion stings you.
You are lethally poisoned!
The scorpion poisons you! The scorpion misses you.
You closely miss the scorpion.
The scorpion is severely wounded.
You feel very sick. The scorpion misses you.
It was a potion of degeneration.
There was something very wrong with that liquid.
You feel weakened.
You feel dopey.
You feel clumsy.
You feel sick. The scorpion completely misses you.
It was a potion of haste.
Your stasis prevents you from being hasted.
You feel sick. The scorpion stings you.
You are more poisoned.
The scorpion poisons you!
It was a potion of lignification.
You turn into a tree.
Your +0 cloak melds into your body.
Your +0 robe melds into your body.
Your roots penetrate the ground.
You die...

#.##.### .# .# #.##.##.
... ##.# #.##.#.. #.#
#..### #.......
..###....###....#.. .
...#.............#
...#####....###.###.....
.......##..# ##......###
.....((♣...###...#.....#
.......s.#..##..##.....#
...(...####............#
..<.... ##..####.....#
....... #..# #.....#
....... #...####.....
....... ##...#.......
....... ..#.#.......
.##.#.......


You could see a scorpion.

Vanquished Creatures
  A hound (D:4)
  2 iguanas
  A hound skeleton (D:4)
  3 adders
  A worm (D:3)
  2 dart slugs
  An orc (D:3)
  6 endoplasms
  A giant cockroach (D:3)
  6 hobgoblins
  6 jackals
  9 kobolds
  2 quokkas
  6 ball pythons
  6 bats
  3 frilled lizards
  9 goblins
  4 rats
69 creatures vanquished.

Notes
Turn   | Place    | Note
-------+----------+-------------------------------------------
     0 | D:1      | DildoBatman the Formicid Conjurer began the quest for the
                  | Orb.
     0 | D:1      | Reached XP level 1. HP: 13/13 MP: 3/3
   154 | D:1      | Found Anuinoh's Jewellery Emporium.
   322 | D:1      | Reached skill level 4 in Conjurations
   322 | D:1      | Reached XP level 2. HP: 18/19 MP: 3/5
   325 | D:1      | Learned a level 2 spell: Searing Ray
   509 | D:1      | Found Wagufuox's Assorted Antiques.
   723 | D:1      | Found Derabb's Book Shoppe.
   810 | D:1      | Reached XP level 3. HP: 23/24 MP: 1/6
   860 | D:1      | Found Cahunt's General Store.
  1300 | D:2      | Reached XP level 4. HP: 30/30 MP: 7/7
  1517 | D:2      | Reached skill level 5 in Conjurations
  1726 | D:3      | Reached XP level 5. HP: 33/35 MP: 1/8
  1866 | D:3      | Found a runed translucent gate.
  1868 | D:3      | Found a runed translucent gate.
  1869 | D:3      | Found a runed translucent gate.
  1890 | D:3      | Noticed a bullfrog
  1891 | D:3      | Noticed kalagan's ghost (weakling DECj)
  2902 | D:4      | Reached XP level 6. HP: 41/41 MP: 4/10
  2940 | D:4      | HP: 2/41 [scorpion (6)]
  2941 | D:4      | Succumbed to a scorpion's poison

Illustrated notes

Levels and vault maps discovered:
D:1:      eino_arrival_cavern_d, layout_loops_corners, serial_shops, shop,
          nicolae_shop_behind_doors, shop, shop, patterned_corridor
D:2:      layout_loops_ring
D:3:      layout_basic, gammafunk_ghost_split
D:4:      layout_rooms

Skill      XL: |  1  2  3  4  5  6 |
---------------+-------------------+-----
Conjurations   | 4 5 |  5.9
Spellcasting   | 3 |  3.0
Dodging        | |  1.7
Stealth        | |  2.4

Action                   |  1- 3 |  4- 6 || total
-------------------------+-------+-------++-------
Melee: Dagger            |    24 |       ||    24
       Short sword       |     6 |    33 ||    39
 Fire: Hunting sling     |    38 |    54 ||    92
 Cast: Magic Dart        |    16 |     3 ||    19
       Searing Ray       |    10 |    10 ||    20
 Abil: Dig               |     1 |       ||     1
  Use: Potion            |       |     3 ||     3
Armor: Robe              |    11 |    10 ||    21
Dodge: Dodged            |    39 |    39 ||    78
